 Dungeon Crawl Stone Soup version 0.30-a0-534-gdc55766716 (webtiles) character file.

Game seed: 11744567189746065190

85 mandarbmax the Slasher (level 4, -6/30 (35) HPs)
             Began as a Barachi Reaver on Dec 24, 2022.
             Mangled by Sigmund
             ... wielding a +1 vorpal scythe
              (9 damage)
             ... on level 2 of the Dungeon.
             The game lasted 00:03:35 (1630 turns).

mandarbmax the Slasher (Barachi Reaver)             Turns: 1630, Time: 00:03:36

HP:   -6/30 (35)    AC:  5    Str: 14    XL:     4   Next: 48%
MP:   7/7           EV: 11    Int: 13    God:
Gold: 62            SH:  0    Dex: 12    Spells: 1/7 levels left

rFire   . . .      SeeInvis .    a - +0 falchion
rCold   . . .      Faith    .    (no shield)
rNeg    . . .      Spirit   .    b - +0 leather armour
rPois   .          Reflect  .    f - +2 hat
rElec   .          Harm     .    h - scarf {+Inv}
rCorr   .          Rampage  .    (no gloves)
Will    .....                    (no boots)
Stlth   +                        (no amulet)
HPRegen 0.25/turn                (no ring)
MPRegen 0.10/turn                (no ring)

@: confused, on berserk cooldown, flying, very slightly contaminated, slowed,
heavily drained, very slow
A: amphibious, slowness 1, strong legs 1, +LOS
a: Hop, Evoke Invisibility


You were on level 2 of the Dungeon.
You visited 1 branch of the dungeon, and saw 2 of its levels.

You collected 62 gold pieces.

Inventory:

Hand Weapons
 a - a +0 falchion (weapon)
Missiles
 d - 4 javelins (quivered)
Armour
 b - a +0 leather armour (worn)
 f - a +2 hat (worn)
 h - a scarf of invisibility (worn)
Scrolls
 c - a scroll of torment {unknown}
 i - a scroll of poison {unknown}
 j - a scroll of vulnerability {unknown}
 m - a scroll of identify {unknown}
 o - a scroll of amnesia {unknown}
Potions
 g - a potion of heal wounds {unknown}
 k - a potion of brilliance {unknown}
 l - a potion of berserk rage
 n - a potion of lignification {unknown}
 p - a potion of attraction {unknown}


   Skills:
 - Level 3.0 Fighting
 + Level 5.1 Long Blades
 - Level 2.1 Dodging
 - Level 2.1 Spellcasting
 - Level 3.2 Conjurations
 + Level 2.4 Evocations


You had one spell level left.
You knew the following spells:

 Your Spells              Type           Power      Damage    Failure   Level
a - Kiss of Death         Conj/Necr      20%        2d7       16%         1
b - Momentum Strike       Conj/Tloc      10%        3d8       24%         2
c - Hailstorm             Conj/Ice       5%         3d4       43%         3

Your spell library contained the following spells:

 Spells                   Type           Power      Damage    Failure   Level
 Sting                    Tmut/Pois      4%         1d3       32%         1
 Poisonous Vapours        Pois/Air       2%         N/A       43%         2
 Olgreb's Toxic Radiance  Pois           1%         N/A       97%         4


Dungeon Overview and Level Annotations

Branches:
Dungeon (2/15)

Altars:

Annotations:
D:2 Sigmund


Innate Abilities, Weirdness & Mutations

You are amphibious.
You cover ground slowly.
You can hop short distances.
You have an extended range of vision and can be seen from far away.


Message History

You bump into the rock wall.
You feel less confused.
You hear some strange, mumbled words.
Something tries to affect you, but you resist.
You hit something. Something hits you!
You barely miss something.
You flicker for a moment.
You hear some strange, mumbled words.
A magic dart appears from out of thin air!
The magic dart hits you.
You aren't carrying any items that you can evoke.
Unknown command.
It was a potion of berserk rage.
A red film seems to cover your vision as you go berserk!
You feel yourself moving faster!
You feel mighty! Something hits you but does no damage.
You closely miss something. You miss something. Something hits you!
You miss something. You barely miss something.
You hear some strange, mumbled words.
You are confused.
You barely miss something.
You flicker back into view.
You bump into the rock wall.
Something hits you.
You bump into the rock wall.
You feel a strong urge to attack something.
You completely miss something.
You are no longer berserk.
You are exhausted.
You feel yourself slow down. Something hits you.
* * * LOW HITPOINT WARNING * * *
x2
Okay, then.
Okay, then.
You are too confused!
Unknown command.
It was a potion of flight.
You feel very buoyant.
You fly up into the air.
Something hits you!
You die...

...<)..##.###.#
##.##..##.# #.#
##รท##..##.# #.#
##.##..#..# #.#
##.##..#.## #.#
#.##..#.# #.#
#.##..#.####.#
##............#######
................@{).#
.........#.########(#
.#####.###.# ....##.#
#.# .##.##.# #.#
.##.##.# #.# .......#
#.# ###.#### #.# #.#
#.#


There were no monsters in sight!

Vanquished Creatures
  3 gnolls (D:2)
  2 adders (D:2)
  2 worms (D:2)
  2 endoplasms
  3 goblins (D:1)
  2 hobgoblins (D:2)
  5 kobolds
  2 quokkas (D:1)
  2 ball pythons (D:1)
  3 bats
  4 frilled lizards (D:1)
  6 rats
  A spectral goblin (D:2)
  A bush (D:1)
38 creatures vanquished.

Vanquished Creatures (others)
  A rat (D:1)
  2 plants (D:1)
3 creatures vanquished.

Grand Total: 41 creatures vanquished

Notes
Turn   | Place    | Note
-------+----------+-------------------------------------------
     0 | D:1      | mandarbmax the Barachi Reaver began the quest for the Orb.
     0 | D:1      | Reached XP level 1. HP: 17/17 MP: 3/3
   266 | D:1      | Reached XP level 2. HP: 21/23 MP: 5/5
   267 | D:1      | Reached skill level 4 in Long Blades
  1031 | D:2      | Reached skill level 1 in Evocations
  1031 | D:2      | Reached XP level 3. HP: 18/29 MP: 6/6
  1283 | D:2      | Learned a level 2 spell: Momentum Strike
  1287 | D:2      | Learned a level 3 spell: Hailstorm
  1357 | D:2      | Reached XP level 4. HP: 19/31 MP: 3/7
  1360 | D:2      | Reached skill level 5 in Long Blades
  1439 | D:2      | Found a faded altar of an unknown god.
  1610 | D:2      | Noticed Sigmund
  1630 | D:2      | Mangled by Sigmund

Illustrated notes

Levels and vault maps discovered:
D:1:      amcnicky_arrival_gap_in_the_tavern_cellar, layout_loops_ring,
          serial_forest, infiniplex_forest_lined_1,
          infiniplex_forest_end_double, infiniplex_forest_zigzag_1,
          infiniplex_forest_end_double, hangedman_abyss_or_decor_lesser_grid,
          lemuel_flame_loot_1
D:2:      minmay_wonky_spiral, layout_loops_ring,
          dreamdust_ecumenical_altar_drowned_temple, minmay_statues_item,
          uniq_sigmund

Skill      XL: |  1  2  3  4 |
---------------+-------------+-----
Long Blades    | 4 5 |  5.1
Fighting       | 3 |  3.0
Evocations     | 1 2 |  2.4
Dodging        | |  2.1
Spellcasting   | |  2.1
Conjurations   | |  3.2

Action                   |  1- 3 |  4- 6 || total
-------------------------+-------+-------++-------
Melee: Falchion          |   229 |    28 ||   257
       Punch             |     2 |       ||     2
Throw: Javelin           |       |     1 ||     1
 Cast: Momentum Strike   |     1 |     1 ||     2
       Kiss of Death     |     1 |       ||     1
 Abil: Evoke Invisibilit |       |     1 ||     1
  Use: Potion            |       |     2 ||     2
Armor: Leather armour    |    30 |     4 ||    34
Dodge: Dodged            |    79 |     8 ||    87

Table legend: (Time is in decaauts)
 A = Elapsed time spent in this place.
 B = Non-inter-level travel time spent in this place.
 C = Inter-level travel time spent in this place.
 D = Time resting spent in this place.
 E = Time spent auto-exploring this place.
 F = Levels seen in this place.
 G = Mean time per level.
                   A        B        C        D        E       F      G
               +--------+--------+--------+--------+--------+-----+--------+
         Total |   1867 |   1670 |    197 |     46 |   1145 |   2 |  933.5 |
       Dungeon |   1867 |   1670 |    197 |     46 |   1145 |   2 |  933.5 |
               +--------+--------+--------+--------+--------+-----+--------+

Top non-repeatable levels by time:
     D:1: 1449 daAuts
     D:2: 418 daAuts
